 Dungeon Crawl Stone Soup version 0.30-a0-457-g4b7bca3bfa (webtiles) character file.

Game seed: 10843622530366338226

494 oldriver the Shooter (level 7, -4/56 HPs)
             Began as a Barachi Hexslinger on Dec 13, 2022.
             Slain by Pikel
             ... wielding a +0 whip of freezing
              (6 damage)
             ... on level 3 of the Dungeon.
             The game lasted 00:10:59 (5291 turns).

oldriver the Shooter (Barachi Hexslinger)           Turns: 5291, Time: 00:11:00

Health: -4/56      AC:  5    Str: 11    XL:     7   Next: 15%
Magic:  0/9        EV: 13    Int: 14    God:
Gold:   363        SH:  0    Dex: 14    Spells: 7/8 levels left

rFire   . . .      SeeInvis .    a - +1 sling
rCold   . . .      Faith    .    (no shield)
rNeg    . . .      Spirit   +    c - +0 robe
rPois   .          Reflect  .    h - +0 helmet
rElec   .          Harm     .    f - +1 cloak
rCorr   .          Rampage  .    (no gloves)
Will    .....                    (no boots)
Stlth   +.........               q - amulet of guardian spirit
HPRegen 0.29/turn                g - ring of flight
MPRegen 0.11/turn                (no ring)

@: unable to hop, flying, slow
A: amphibious, slowness 1, strong legs 1, +LOS
a: Hop


You were on level 3 of the Dungeon.
You visited 1 branch of the dungeon, and saw 4 of its levels.
You also visited: Sewer.

You collected 363 gold pieces.

Inventory:

Hand Weapons
 a - a +1 sling (weapon)
 n - the +4 hand axe of Desperation {vorpal, Contam rN+ Int+4 Stlth+}
   (You found it on level 2 of the Dungeon)

   It inflicts extra damage upon your enemies.
   Int:       It affects your intelligence (+4).
   rN:        It protects you from negative energy.
   Contam:    It causes magical contamination when unequipped.
   Stlth:     It makes you more stealthy.
Armour
 c - a +0 robe (worn)
 f - a +1 cloak (worn)
 h - a +0 helmet (worn)
 j - a +0 plate armour
Jewellery
 g - a ring of flight (left hand)
 q - an amulet of guardian spirit (around neck)
 s - a ring of ice
 x - an amulet of magic regeneration
Scrolls
 b - a scroll of poison
 r - 2 scrolls of fear
 t - a scroll of brand weapon {unknown}
 w - 2 scrolls of teleportation
Potions
 d - a potion of flight
 e - a potion of lignification {unknown}
 i - a potion of attraction {unknown}
 l - 3 potions of cancellation
 o - a potion of magic {unknown}
 p - a potion of resistance
 u - a potion of degeneration {unknown}
 v - a potion of experience {unknown}
 A - a potion of invisibility {unknown}


   Skills:
 + Level 5.0 Fighting
 * Level 5.2 Ranged Weapons
 + Level 2.7 Armour
 - Level 3.0 Dodging
 - Level 1.4 Spellcasting
 - Level 3.2 Hexes


You had 7 spell levels left.
You knew the following spells:

 Your Spells              Type           Power      Damage    Failure   Level
a - Slow                  Hex            40%        N/A       7%          1

Your spell library contained the following spells:

 Spells                   Type           Power      Damage    Failure   Level
 Inner Flame              Hex/Fire       5%         N/A       36%         3
 Portal Projectile        Hex/Tloc       10%        N/A       36%         3
 Cause Fear               Hex            5%         N/A       54%         4
 Stone Arrow              Conj/Erth      2%         3d7       58%         3
 Animate Armour           Summ/Erth      2%         N/A       94%         4
 Lehudib's Crystal Spear  Conj/Erth      0%         10d2      100%        8


Dungeon Overview and Level Annotations

Branches:
Dungeon (4/15)              Sewer (visited)
 Temple: D:4-7

Altars:
Dithmenos
The Shining One

Annotations:
D:3 Pikel


Innate Abilities, Weirdness & Mutations

You are amphibious.
You cover ground slowly.
You can hop short distances.
You have an extended range of vision and can be seen from far away.


Message History

* * * LOW HITPOINT WARNING * * *
Pikel freezes you.
* * * LOW HITPOINT WARNING * * *
Fire: a) +1 sling
Press: ? - help, Shift-Dir - straight line, f/p - Pikel
Aim: Pikel, wielding a +0 whip of freezing and wearing a +0 robe (almost dead, 55% to hit)
You shoot a sling bullet. The sling bullet hits Pikel.
Pikel is almost dead.
Pikel closely misses you.
Unknown command.
Fire: a) +1 sling
Press: ? - help, Shift-Dir - straight line, f/p - Pikel
Aim: Pikel, wielding a +0 whip of freezing and wearing a +0 robe (almost dead, 55% to hit)
You shoot a sling bullet.
The sling bullet hits Pikel but does no damage.
Pikel is almost dead.
Pikel misses you.
Unknown command.
Fire: a) +1 sling
Press: ? - help, Shift-Dir - straight line, f/p - Pikel
Aim: Pikel, wielding a +0 whip of freezing and wearing a +0 robe (almost dead, 55% to hit)
You shoot a sling bullet. The sling bullet closely misses Pikel.
Pikel hits you but does no damage.
Fire: a) +1 sling
Press: ? - help, Shift-Dir - straight line, f/p - Pikel
Aim: Pikel, wielding a +0 whip of freezing and wearing a +0 robe (almost dead, 55% to hit)
You shoot a sling bullet. The sling bullet barely misses Pikel.
Pikel hits you with a +0 whip of freezing.
* * * LOW HITPOINT WARNING * * *
Pikel freezes you.
* * * LOW HITPOINT WARNING * * *
Pikel closely misses you.
Unknown command.
Fire: a) +1 sling
Press: ? - help, Shift-Dir - straight line, f/p - Pikel
Aim: Pikel, wielding a +0 whip of freezing and wearing a +0 robe (almost dead, 55% to hit)
You shoot a sling bullet. The sling bullet hits Pikel.
Pikel is almost dead.
Pikel hits you with a +0 whip of freezing!
You die...

#...............###########
#######'#+####.)..........###
#.#.# #.......>....'.# #.#.#
#............#.# #.#.#
#............#..
########.#.####............##.
#<.......#....'............##.
######........#............##.
#....'......K@'............'..
##.###........#............##.
#.# #........#............##.
#.# #........#............###
#.# ##########............# #
#.# ############## #.# #.# #.#


You could see Pikel.

Vanquished Creatures
  A hound (D:4)
  3 jellies (Sewer)
  An iguana (D:4)
  Natasha (D:2)
  4 gnolls (D:2)
  11 adders
  4 river rats
  An ufetubus (D:4)
  An adder zombie (D:2)
  An adder skeleton (D:2)
  4 worms
  2 orcs
  A bat skeleton (D:2)
  2 bat zombies (D:2)
  15 endoplasms
  5 giant cockroaches
  11 goblins
  11 hobgoblins
  7 jackals
  5 quokkas
  10 ball pythons
  A ball python skeleton (D:2)
  10 bats
  6 frilled lizards
  5 kobolds
  A quokka skeleton (D:2)
  9 rats
133 creatures vanquished.

Vanquished Creatures (others)
  4 toadstools (D:1)
  3 withered plants (D:2)
7 creatures vanquished.

Grand Total: 140 creatures vanquished

Notes
Turn   | Place    | Note
-------+----------+-------------------------------------------
     0 | D:1      | oldriver the Barachi Hexslinger began the quest for the
                  | Orb.
     0 | D:1      | Reached XP level 1. HP: 15/15 MP: 2/2
   132 | D:1      | Reached XP level 2. HP: 17/22 MP: 0/4
   491 | D:1      | Reached XP level 3. HP: 26/28 MP: 3/5
   730 | D:2      | Found a shadowy altar of Dithmenos.
  1104 | D:2      | Reached XP level 4. HP: 16/35 MP: 6/6
  1187 | D:2      | Identified the +4 hand axe of Desperation {vorpal, Contam
                  | rN+ Int+4 Stlth+}
  1507 | D:2      | Noticed Natasha
  1517 | D:2      | Killed Natasha
  1597 | D:2      | Reached XP level 5. HP: 42/42 MP: 7/7
  2208 | D:3      | Found a glowing golden altar of the Shining One.
  3039 | D:3      | Reached skill level 1 in Armour
  3436 | D:4      | Reached XP level 6. HP: 38/49 MP: 5/8
  3518 | D:4      | Found a glowing drain.
  3595 | Sewer    | Entered a sewer
  3998 | Sewer    | Reached skill level 5 in Ranged Weapons
  3998 | Sewer    | Reached XP level 7. HP: 26/55 MP: 4/9
  4138 | Sewer    | Found a viscous altar of Jiyva.
  4328 | D:4      | Reached skill level 5 in Fighting
  4429 | D:4      | Noticed Pikel
  5113 | D:3      | HP: 2/56 [Pikel/+0 whip of freezing (1)]
  5129 | D:3      | HP: 1/56 [Pikel/+0 whip of freezing (2)]
  5290 | D:3      | HP: 2/56 [Pikel/+0 whip of freezing (3)]
  5291 | D:3      | Slain by Pikel

Illustrated notes

Levels and vault maps discovered:
D:1:      ldierk_walled_garden_2, layout_basic, amcnicky_mini_pool_small,
          grunt_decor_cap
D:2:      layout_loops_corners, serial_undead, serial_undead_c, serial_undead_b,
          serial_undead_b, serial_undead_d, serial_undead_b, serial_undead_f,
          serial_undead_e, serial_undead_e, basic_altar, minmay_pentomino_s4,
          uniq_natasha
D:3:      minmay_chambers_of_twos, layout_basic, amcnicky_altar_gilded
D:4:      layout_rooms, portal_sewer_entry_a, uniq_pikel

Skill      XL: |  1  2  3  4  5  6  7 |
---------------+----------------------+-----
Fighting       | 2 3 4 5 |  5.0
Ranged Weapons | 3 4 5 |  5.2
Armour         | 1 2 |  2.7
Dodging        | 3 |  3.0
Spellcasting   | |  1.4
Hexes          | |  3.2

Action                   |  1- 3 |  4- 6 |  7- 9 || total
-------------------------+-------+-------+-------++-------
 Fire: Sling             |   152 |   336 |   131 ||   619
 Cast: Slow              |    13 |     7 |    13 ||    33
 Abil: Hop               |     4 |     5 |     3 ||    12
  Use: Scroll            |       |    12 |     2 ||    14
       Potion            |       |     1 |     6 ||     7
Armor: Robe              |    24 |    53 |    26 ||   103
Dodge: Dodged            |    69 |   161 |    67 ||   297

Table legend: (Time is in decaauts)
 A = Elapsed time spent in this place.
 B = Non-inter-level travel time spent in this place.
 C = Inter-level travel time spent in this place.
 D = Time resting spent in this place.
 E = Time spent auto-exploring this place.
 F = Levels seen in this place.
 G = Mean time per level.
                   A        B        C        D        E       F      G
               +--------+--------+--------+--------+--------+-----+--------+
         Total |   6007 |   5797 |    210 |    923 |   3389 |   5 | 1201.4 |
       Dungeon |   5316 |   5106 |    210 |    622 |   3191 |   4 | 1329.0 |
         Sewer |    690 |    690 |      0 |    301 |    197 |   1 |  690.0 |
               +--------+--------+--------+--------+--------+-----+--------+

Top non-repeatable levels by time:
     D:3: 1824 daAuts
     D:2: 1499 daAuts
     D:4: 1139 daAuts
     D:1: 853 daAuts
   Sewer: 690 daAuts
